cohdb
Replays
Latest Replays
All Replays
Popular Replays
Top Player Replays
Match Explorer
How It Works
Community
CoH3 Stats
Reddit
Sign in to upload your games and track your stats! →
Sign in with Steam
Match 27384145
Unlisted
Match 27384145
Overview
Messages
Build Orders
End
Kettenkrad Recon Vehicle
Construct Infanterie Kompanie
Selects Mechanized Battlegroup
MG 42 Machine Gun Team
Grenadier Squad
Grenadier Squad
Construct Luftwaffe Kompanie
Jäger Squad
Support Elements
Selects Mobile Repair Stations
Construct Panzergrenadier Kompanie
MG 42 Bunker
Kettenkrad Recon Vehicle
251 Medium Carrier
Wirbelwind Flakpanzer
Selects Wespe Self-propelled Artillery
Wespe Self-propelled Artillery
Pioneer Squad
Jäger Squad
Construct Panzer Kompanie
Selects Zeroing Artillery Barrage
Zeroing Artillery Barrage
Kettenkrad Recon Vehicle
Selects Raid Package
Panzer IV Medium Tank
Panzer Officer Quarters
Zeroing Artillery Barrage
Selects 8 Rad Armored Car
Side Skirts
Stoßtruppen Squad
AI Takeover
ARLIK
R
Babadam22
MMMMMMMMMMMM
foxalive
AHordeofBadgers
GanJaManN
Bradley Shaw
0
0
Comments
sign in to comment!
No comments posted yet!